 Dungeon Crawl Stone Soup version 0.26-a0-651-gb41185065b (webtiles) character file.

Game seed: 8320851239081110146

86 ipx the Bolt Thrower (level 4, 0/26 HPs)
             Began as a Gargoyle Arcane Marksman on Oct 19, 2020.
             Slain by a mummy (10 damage)
             ... in an ossuary.
             The game lasted 00:12:52 (941 turns).

ipx the Bolt Thrower (Gargoyle Arcane Marksman)      Turns: 941, Time: 00:12:52

Health: 0/26       AC:  9    Str: 15    XL:     4   Next: 50%
Magic:  0/14       EV:  9    Int: 13    God:
Gold:   105        SH:  0    Dex: 10    Spells: 4/5 levels left

rFire    . . .     SeeInvis +   b - +0 hand axe
rCold    . . .     Faith    .   (no shield)
rNeg     + . .     Spirit   +   g - +0 scale mail
rPois    ∞         Reflect  .   (no helmet)
rElec    +         Harm     .   (no cloak)
rCorr    .         Rampage  .   (no gloves)
MR       .....                  (no boots)
Stlth    ..........             G - amulet of guardian spirit
HPRegen  0.08/turn              V - ring of see invisible
MPRegen  0.14/turn              W - ring of magical power

@: no status effects
A: negative energy resistance 1, electricity resistance, unbreathing,
petrification resistance, rot immunity, AC +3
a: no special abilities


You were in an ossuary.
You visited 1 branch of the dungeon, and saw 4 of its levels.
You also visited: Ossuary.

You collected 105 gold pieces.

Inventory:

Hand Weapons
 a - a +0 hand crossbow
 b - a +0 hand axe (weapon)
 m - a +0 short sword
Missiles
 c - 2 atropa-tipped darts (quivered)
Armour
 e - a +0 robe
 g - a +0 scale mail (worn)
Jewellery
 G - an amulet of guardian spirit (around neck)
 V - a ring of see invisible (left hand)
 W - a ring of magical power (right hand)
Scrolls
 f - a scroll of amnesia {unknown}
 h - 4 scrolls of identify {unknown}
 i - 2 scrolls of teleportation {unknown}
 j - a scroll of magic mapping {unknown}
 k - 2 scrolls of enchant weapon {unknown}
Potions
 l - a potion of curing {unknown}
 n - a potion of stabbing {unknown}


   Skills:
 + Level 1.9 Fighting
 * Level 0.6 Axes
 - Level 4.1 Crossbows
 - Level 1.5 Dodging
 - Level 1.0 Spellcasting
 - Level 2.7 Hexes


You had 4 spell levels left.
You knew the following spells:

 Your Spells              Type           Power        Failure   Level
a - Corona                Hex            #......      36%         1

Your spell library contained the following spells:

 Spells                   Type           Power        Failure   Level
 Slow                     Hex            #.......     52%         2
 Inner Flame              Hex/Fire       #.......     90%         3
 Portal Projectile        Hex/Tloc       #.....       90%         3
 Cause Fear               Hex            #.........   98%         4
 Leda's Liquefaction      Hex/Erth       #.........   100%        4


Dungeon Overview and Level Annotations

Branches:
Dungeon (4/15)            Ossuary (1/1)
 Temple: D:4-7

Altars:


Innate Abilities, Weirdness & Mutations

You are resistant to torment.
Your stone body is resilient. (AC +3)
You are immune to poison.
You resist negative energy. (rN+)
You are resistant to electric shocks. (rElec)
You can survive without breathing.
You are immune to petrification.
You are immune to rotting.


Message History

b - a +0 hand axe (weapon)
You barely miss the mummy.
The mummy is heavily damaged.
The mummy hits you but does no damage.
You hit the mummy.
The mummy is severely damaged.
You hit the mummy.
The mummy is almost destroyed.
You barely miss the mummy.
The mummy is almost destroyed.
The mummy hits you.
You completely miss the mummy.
The mummy is almost destroyed.
The mummy hits you!
You hit the mummy but do no damage.
The mummy is almost destroyed.
You hit the mummy but do no damage.
The mummy is almost destroyed.
The mummy hits you!
You die...

##(### #....# #..#
#(...# #..# #(...#
#..# #....# +..#
#(####### #..#
#M.M#...# #..#
+###+###M###'#####..#
.......@............#
...................∩#
#####################


You could see 2 mummies.

Vanquished Creatures
  A mummy (Ossuary)
  3 adders (D:2)
  An ooze (D:1)
  3 dart slugs
  3 orcs (D:3)
  2 bats
  2 giant cockroaches
  4 goblins (D:1)
  4 hobgoblins
  2 jackals (D:1)
  A ball python (D:2)
  2 frilled lizards (D:1)
  2 kobolds (D:1)
  3 rats
  A rat zombie (Ossuary)
34 creatures vanquished.

Notes
Turn   | Place    | Note
-------+----------+-------------------------------------------
     0 | D:1      | ipx the Gargoyle Arcane Marksman began the quest for the
                  | Orb.
     0 | D:1      | Reached XP level 1. HP: 12/12 MP: 2/2
     6 | D:1      | Noticed a salamander
     6 | D:1      | Noticed a swamp drake
     6 | D:1      | Noticed a polar bear
     6 | D:1      | Noticed a hound
     6 | D:1      | Noticed a lindwurm
   119 | D:1      | Reached XP level 2. HP: 14/16 MP: 1/3
   131 | D:1      | Reached skill level 3 in Crossbows
   335 | D:1      | Reached XP level 3. HP: 20/20 MP: 4/4
   440 | D:2      | Found a faded altar of an unknown god.
   590 | D:2      | Reached skill level 4 in Crossbows
   590 | D:2      | Reached XP level 4. HP: 21/25 MP: 5/5
   883 | D:4      | Found a sand-covered staircase.
   888 | Ossuary  | Entered an ossuary
   941 | Ossuary  | Slain by a mummy

Illustrated notes

Levels and vault maps discovered:
D:1:      onia_arrival_zoo_common, layout_basic, serial_forest,
          infiniplex_forest_join, infiniplex_forest_clump_small,
          infiniplex_forest_clump_curved, infiniplex_forest_lined_4_way,
          infiniplex_forest_zigzag_2, infiniplex_forest_lined_room_2,
          infiniplex_forest_lined_3, minmay_misc_feat_secret_circle, hex_medium,
          hangedman_decor_riveting, minmay_nonomino_d4
D:2:      layout_loops_ring, amethyst_overflow_temple_binary,
          chequers_ecumenical_altar_island
D:3:      layout_loops_corners
D:4:      layout_basic, old_standard_altar, nicolae_ossuary_entry_monument,
          yredelemnul_altar_generic, uniq_menkaure, uniq_duvessa
Ossuary:  ossuary_boxes_badplayer

Skill      XL: |  1  2  3 |
---------------+----------+-----
Crossbows      | 3 4 |  4.1
Fighting       | |  1.9
Axes           | |  0.6
Dodging        | |  1.5
Spellcasting   | |  1.0
Hexes          | |  2.7

Action                   |  1- 3 |  4- 6 || total
-------------------------+-------+-------++-------
Melee: Short sword       |    31 |    12 ||    43
       Hand axe          |       |    12 ||    12
 Fire: Hand crossbow     |    57 |    22 ||    79
 Cast: Corona            |     1 |       ||     1
Armor: Scale mail        |    42 |    14 ||    56
Dodge: Dodged            |    44 |    12 ||    56

Table legend: (Time is in decaauts)
 A = Elapsed time spent in this place.
 B = Non-inter-level travel time spent in this place.
 C = Inter-level travel time spent in this place.
 D = Time resting spent in this place.
 E = Time spent auto-exploring this place.
 F = Levels seen in this place.
 G = Mean time per level.
                   A        B        C        D        E       F      G
               +--------+--------+--------+--------+--------+-----+--------+
         Total |    964 |    964 |      0 |      0 |      0 |   5 |  192.8 |
       Dungeon |    908 |    908 |      0 |      0 |      0 |   4 |  227.0 |
       Ossuary |     56 |     56 |      0 |      0 |      0 |   1 |   56.0 |
               +--------+--------+--------+--------+--------+-----+--------+

Top non-repeatable levels by time:
     D:1: 424 daAuts
     D:2: 285 daAuts
     D:3: 193 daAuts
 Ossuary: 56 daAuts
     D:4: 4 daAuts
